Map: [ESL] Oceanborn

Players

ForJumY

  • Race: Protoss Protoss
  • League: Grandmaster
  • Spawn Location: 5:00

Spirit (souL) - Winner!

  • Race: Terran Terran
  • League: Master
  • Spawn Location: 11:00

Event: HomeStory Cup XXIV

VOD

Have the link to the VOD?

Description

Time

  • Played on: Dec. 2, 2023, 7:05 a.m.
  • Length: 9:07

All games in this series

Show
View Real Time Build Order
Export as new Build Order

ForJumY Protoss 

Build Orders: 1 Gate Expand, Phoenix Opening, Colossus Rush 

Get SALT Encoding   

  12  0:00  Probe  
  13  0:12  Probe  
  14  0:17  Pylon  
  14  0:24  Probe  
  15  0:35  Gateway  
  15  0:37  Probe (Chrono Boost)  
  16  0:46  Assimilator, Probe (Chrono Boost)  
  17  0:51  Probe  
  18  1:03  Probe  
  19  1:19  Probe  
  19  1:23  Nexus  
  20  1:35  Cybernetics Core  
  20  1:38  Probe  
  21  1:43  Assimilator  
  21  1:50  Probe  
  22  1:55  Pylon  
  22  2:02  Probe  
  23  2:11  Adept (Chrono Boost)  
  23  2:14  Probe  
  26  2:17  Stargate  
  26  2:26  Warp Gate  
  26  2:29  Probe (Chrono Boost)  
  27  2:30  Adept (Chrono Boost)  
  27  2:35  Probe (Chrono Boost)  
  32  2:45  Probe x2 (Chrono Boost)  
  32  2:50  Probe (Chrono Boost)  
  32  2:52  Probe  
  34  3:02  Probe  
  34  3:04  Phoenix  
  34  3:05  Probe  
  38  3:12  Gateway  
  38  3:14  Adept, Probe  
  38  3:19  Probe  
  42  3:23  Pylon  
  42  3:26  Probe  
  43  3:30  Phoenix (Chrono Boost)  
  43  3:31  Probe  
  46  3:40  Robotics Facility  
  46  3:41  Probe  
  47  3:43  Probe  
  47  3:47  Phoenix  
  48  3:52  Pylon  
  48  3:53  Probe  
  51  3:55  Probe  
  51  3:58  Assimilator  
  51  4:01  Assimilator  
  52  4:05  Probe  
  52  4:07  Probe  
  54  4:17  Phoenix, Probe  
  54  4:20  Probe  
  58  4:27  Pylon  
  58  4:30  Probe  
  59  4:33  Robotics Bay  
  59  4:42  Nexus  
  59  4:48  Immortal (Chrono Boost)  
  59  4:52  Pylon  
  63  4:55  Phoenix  
  63  4:56  Probe  
  66  5:06  Gateway  
  66  5:07  Gateway  
  67  5:14  Probe  
  67  5:22  Colossus (Chrono Boost)  
  67  5:24  Phoenix  
  67  5:25  Shield Battery  
  75  5:31  Extended Thermal Lance, Probe  
  76  5:36  Gateway  
  76  5:41  Gateway  
  76  5:44  Sentry  
  78  5:50  Pylon  
  78  5:51  Pylon  
  78  5:55  Gateway  
  78  5:56  Zealot  
  80  6:01  Colossus (Chrono Boost)  
  80  6:09  Sentry  
  80  6:10  Zealot  
  90  6:11  Probe x2  
  90  6:17  Gateway  
  92  6:22  Phoenix  
  92  6:25  Probe  
  94  6:28  Gateway  
  94  6:29  Pylon  
  94  6:34  Stalker x2  
  98  6:47  Pylon  
  98  6:48  Pylon  
  98  6:56  Pylon  
  98  6:58  Phoenix (Chrono Boost)  
  100  7:02  Colossus (Chrono Boost)  
  100  7:06  Zealot x2  
  100  7:07  Zealot  
  112  7:14  Gateway  
  112  7:20  Phoenix (Chrono Boost)  
  114  7:23  Stalker  
  114  7:27  Pylon x2  
  116  7:43  Warp Prism (Chrono Boost)  
  116  7:45  Phoenix  
  118  7:51  Stalker x6  
  118  7:55  Pylon  
  130  8:01  Pylon  
  130  8:02  Pylon  
  130  8:06  Stalker  
  132  8:13  Phoenix  
  130  8:22  Stalker x4  
  130  8:26  Zealot x2  
  142  8:31  Sentry  
  142  8:32  Zealot  
  134  8:45  Zealot x4  
  134  8:47  Stalker x3  
  114  8:52  Zealot x4  
  88  8:57  Stalker  
Show
View Real Time Build Order
Export as new Build Order

Spirit Terran - Winner!

Build Orders: Cyclone Opening, Reaper Expand 

Get SALT Encoding   

  12  0:00  SCV  
  13  0:12  SCV  
  14  0:17  Supply Depot  
  14  0:24  SCV  
  15  0:38  SCV  
  15  0:40  Barracks  
  16  0:44  Refinery  
  16  0:50  SCV  
  17  1:02  SCV  
  18  1:15  SCV  
  19  1:28  Orbital Command  
  19  1:29  Reaper  
  20  1:40  Command Center  
  20  1:48  Supply Depot  
  20  1:54  SCV  
  20  2:00  Marine  
  22  2:06  SCV  
  23  2:09  Factory  
  23  2:16  Bunker  
  23  2:18  Marine  
  23  2:20  SCV  
  25  2:32  SCV  
  25  2:34  Barracks  
  26  2:37  Barracks Reactor  
  26  2:44  SCV  
  27  2:52  Orbital Command  
  27  2:55  Cyclone  
  27  2:56  SCV  
  30  3:08  SCV  
  31  3:15  Marine x2, Refinery  
  31  3:17  Barracks, SCV  
  34  3:20  SCV  
  34  3:23  Barracks Tech Lab  
  35  3:29  SCV  
  35  3:32  SCV  
  35  3:33  Marine  
  38  3:34  Marine  
  38  3:35  Supply Depot  
  39  3:41  SCV  
  39  3:44  SCV  
  39  3:45  Stimpack  
  40  3:48  Engineering Bay  
  40  3:51  Marine, Refinery  
  40  3:53  SCV  
  42  3:56  Marine  
  42  3:57  SCV  
  44  4:05  Supply Depot  
  44  4:06  Barracks Tech Lab, SCV  
  44  4:09  SCV, Marauder  
  48  4:12  Marine  
  49  4:18  SCV  
  49  4:21  Missile Turret, SCV  
  51  4:25  Marine, Marauder  
  51  4:28  Combat Shield  
  51  4:30  SCV  
  55  4:33  SCV  
  55  4:34  Marine  
  57  4:39  Factory Reactor, Starport  
  57  4:42  Bunker, SCV  
  57  4:44  Marine  
  57  4:45  SCV  
  60  4:46  Marine  
  60  4:48  Marine  
  60  4:50  Supply Depot  
  60  4:52  Terran Infantry Weapons Level 1  
  61  4:54  SCV  
  61  4:56  Supply Depot  
  62  5:02  Missile Turret  
  62  5:05  Missile Turret  
  62  5:11  Marine x2  
  62  5:12  SCV  
  62  5:13  Marauder  
  69  5:14  Marauder  
  69  5:18  SCV  
  69  5:21  Supply Depot  
  70  5:22  Medivac  
  70  5:24  Medivac  
  70  5:25  Factory Reactor  
  74  5:30  Refinery  
  74  5:33  Marine  
  74  5:34  SCV, Marine  
  82  5:43  Marauder x2  
  82  5:46  SCV x2  
  82  5:47  Supply Depot  
  82  5:48  Supply Depot  
  83  5:50  Concussive Shells  
  83  5:56  Command Center  
  83  5:57  Marine  
  86  6:08  Marauder, Widow Mine x2  
  86  6:09  Marine  
  86  6:10  SCV x2, Supply Depot  
  97  6:13  Marauder  
  97  6:18  Viking x2  
  99  6:22  SCV  
  99  6:23  Marine, Supply Depot  
  99  6:25  SCV  
  102  6:32  Marauder  
  104  6:33  Supply Depot  
  104  6:39  Marauder  
  106  6:46  SCV x2  
  108  6:48  Viking x2  
  108  6:49  Starport  
  108  6:53  Terran Infantry Armor Level 1  
  112  6:59  SCV  
  114  7:01  SCV  
  114  7:03  Marauder, Marine  
  116  7:11  SCV  
  116  7:12  Orbital Command  
  117  7:16  Marauder, Marine  
  117  7:17  Barracks  
  117  7:19  Barracks  
  117  7:20  Viking  
  123  7:26  Viking  
  123  7:28  Viking  
  126  7:31  Viking  
  128  7:37  SCV  
  128  7:40  Orbital Command  
  128  7:41  SCV  
  128  7:43  Supply Depot, Ghost Academy  
  130  7:47  Marauder  
  130  7:49  SCV  
  131  7:51  Viking  
  131  7:53  SCV  
  131  7:56  Viking  
  136  8:01  SCV  
  136  8:05  SCV x2  
  139  8:06  Viking x2  
  139  8:08  Barracks Reactor  
  139  8:09  Barracks Tech Lab  
  139  8:12  Bunker  
  143  8:14  SCV  
  143  8:17  SCV  
  144  8:20  Marine  
  144  8:21  Marauder x2  
  149  8:30  Supply Depot, SCV  
  149  8:32  Supply Depot  
  149  8:33  Supply Depot  
  149  8:37  Marine  
  149  8:38  Marine  
  149  8:39  Marauder  
  148  8:42  Marauder, Marine  
  113  8:48  Marine  
Tags
 
Add a new tag
Caveats
  • Supply blocks, unpowered buildings, or Contaminate may cause inaccurate times.
  • Supply counts are checked every 10 seconds.